 Dungeon Crawl Stone Soup version 0.30-a0-949-g53dc5368d7 (webtiles) character file.

Game seed: 15520701414968324928

3 retardedninja the Conjurer (level 1, -2/11 HPs)
             Began as an Octopode Conjurer on Mar 27, 2023.
             Frozen to death by an endoplasm (3 damage)
             ... on level 1 of the Dungeon.
             The game lasted 00:00:17 (113 turns).

retardedninja the Conjurer (Octopode Conjurer)       Turns: 113, Time: 00:00:17

Health: -2/11      AC:  1    Str:  6    XL:     1   Next: 50%
Magic:  1/3        EV: 13    Int: 20    God:
Gold:   0          SH:  0    Dex: 10    Spells: 3/4 levels left

rFire   . . .      SeeInvis .    (no weapon)
rCold   . . .      Faith    .    (no shield)
rNeg    . . .      Spirit   .    (helmet restricted)
rPois   .          Reflect  .    (no amulet)
rElec   .          Rampage  .    (no ring)
rCorr   .                        (no ring)
Will    .....                    (no ring)
Stlth   +++                      (no ring)
HPRegen 0.21/turn                (no ring)
MPRegen 0.08/turn                (no ring)
                                 (no ring)
                                 (no ring)

@: no status effects
A: almost no armour, amphibious, 8 rings, camouflage 1, gelatinous body 1,
(nimble swimmer 1), tentacles
a: no special abilities


You were on level 1 of the Dungeon.
You visited 1 branch of the dungeon, and saw 1 of its levels.

Inventory:

Scrolls
 b - a scroll of enchant armour {unknown}
 c - a scroll of brand weapon {unknown}
Potions
 a - a potion of magic


   Skills:
 + Level 2.0 Dodging
 + Level 2.8 Stealth
 + Level 2.0 Spellcasting
 + Level 4.0 Conjurations


You had 3 spell levels left.
You knew the following spells:

 Your Spells              Type           Power      Damage    Failure   Level
a - Magic Dart            Conj           72%        1d6       3%          1

Your spell library contained the following spells:

 Spells                   Type           Power      Damage    Failure   Level
 Searing Ray              Conj           36%        2d5       4%          2
 Dazzling Flash           Conj/Hex       20%        N/A       21%         3
 Fulminant Prism          Conj/Hex       5%         3d7       56%         4
 Iskenderun's Mystic Bla  Conj/Tloc      10%        2d4       56%         4


Dungeon Overview and Level Annotations

Branches:
Dungeon (1/15)

Altars:


Innate Abilities, Weirdness & Mutations

You cannot wear most types of armour.
You are amphibious.
You can wear up to eight rings at the same time.
Your skin changes colour to match your surroundings (Stealth+).
Your rubbery body absorbs attacks. (AC +1, EV +1)
((You are camouflaged when in or above water. (Stealth+)))
You have tentacles for arms and can constrict up to eight enemies at once.


Message History

c - a scroll labelled MYKYWAISAO
Found an escape hatch in the floor.
An endoplasm comes into view.
An endoplasm is nearby!
The magic dart hits the endoplasm.
The endoplasm is heavily wounded.
The magic dart hits the endoplasm but does no damage.
The endoplasm is heavily wounded.
The magic dart hits the endoplasm but does no damage.
The endoplasm is heavily wounded.
You are out of magic!
An endoplasm is nearby!
An endoplasm is nearby!
You barely miss the endoplasm.
The endoplasm is heavily wounded.
The endoplasm closely misses you.
You tentacle-slap the endoplasm but do no damage.
The endoplasm is heavily wounded.
The endoplasm freezes you.
You are frozen.
You tentacle-slap the endoplasm but do no damage.
The endoplasm is heavily wounded.
The endoplasm freezes you.
You are frozen.
* * * LOW HITPOINT WARNING * * *
You tentacle-slap the endoplasm.
The endoplasm is almost dead.
The endoplasm hits you.
* * * LOW HITPOINT WARNING * * *
You tentacle-slap the endoplasm but do no damage.
The endoplasm is almost dead.
The endoplasm freezes you.
You are frozen.
You die...

...♣♣..♣...♣..♣..♣.♣...♣ #
...♣...♣♣..♣...♣..♣♣♣.♣ .
#....♣†.♣...♣..♣.♣.♣♣♣.
#b#.....♣♣......♣♣.♣♣..♣♣
###.........♣...♣.♣♣.♣...
.#+##....♣♣.♣♣..♣...♣.♣♣♣♣♣♣
..........♣...♣...♣..♣ ♣
........♣...♣......♣♣.♣
..⌠...♣♣..J@♣♣...♣♣...♣
...♣...♣....♣....♣♣.♣
................♣♣...♣♣
#####♣♣♣♣♣♣♣♣♣♣♣♣ ♣♣♣♣


You could see an endoplasm.

Vanquished Creatures
  An endoplasm (D:1)
  A hobgoblin (D:1)
  A rat (D:1)
3 creatures vanquished.

Notes
Turn   | Place    | Note
-------+----------+-------------------------------------------
     0 | D:1      | retardedninja the Octopode Conjurer began the quest for the
                  | Orb.
     0 | D:1      | Reached XP level 1. HP: 11/11 MP: 3/3
   113 | D:1      | Frozen to death by an endoplasm

Illustrated notes

Levels and vault maps discovered:
D:1:      erik_arrival_cave_to_civilisation [erik_arrival_cave_to_hall],
          layout_loops_corners, serial_forest, infiniplex_forest_lined_3,
          infiniplex_forest_pool, infiniplex_forest_straight_2,
          infiniplex_forest_straight_2, infiniplex_forest_straight_2,
          infiniplex_forest_lined_corner, infiniplex_forest_straight_1,
          infiniplex_forest_diagonal, infiniplex_forest_fountain,
          minmay_box_of_dots

Action                     || total
---------------------------++-------
  Melee: Unarmed           ||    14
         Tentacles         ||     2
         Constrict         ||     1
   Cast: Magic Dart        ||     7
 Armour: Skin              ||     1
  Dodge: Dodged            ||     5

Table legend: (Time is in decaauts)
 A = Elapsed time spent in this place.
 B = Non-inter-level travel time spent in this place.
 C = Inter-level travel time spent in this place.
 D = Time resting spent in this place.
 E = Time spent auto-exploring this place.
 F = Levels seen in this place.
 G = Mean time per level.
                   A        B        C        D        E       F      G
               +--------+--------+--------+--------+--------+-----+--------+
         Total |    113 |    113 |      0 |     23 |     55 |   1 |  113.0 |
       Dungeon |    113 |    113 |      0 |     23 |     55 |   1 |  113.0 |
               +--------+--------+--------+--------+--------+-----+--------+

Top non-repeatable levels by time:
     D:1: 113 daAuts
